AoeStats
← Giye

Arabia

510090007Analyzed
4v4 RM · 4d ago on Sep 29, 2026· 23m 53s· 8 players
Game mode
Random Map
Map size
Large (8 player)
Population
200
Speed
Normal
Resources
Standard
Victory
Conquest
Starting age
Dark Age
Ending age
Imperial Age
RankedLock teamsTeams togetherTeam positionsShared explorationLock speedFull tech treeHidden civsTurbo modeCheats
Victory
Defeat
🇨🇳 Saxons · China
907
+12
🇭🇰 Mongols · Hong Kong SAR China
900
+12
🇦🇷 Persians · Argentina
832
+15
🇨🇳 Teutons · China
757
+18
🇪🇸 Danes · Spain
834
-15
🇪🇸 Magyars · Spain
808
-14
🇺🇸 Persians · United States
808
-14
🇪🇸 Byzantines · Spain
807
-14
Sirmordor15
Giye
10:05 Feudal Age
11:29 Loom
11:31 Town Watch
11:09 Man-at-Arms
11:35 Arson
14:23 Double-Bit Axe
21:54 Wheelbarrow
benyicou
8:54 Loom
11:49 Feudal Age
D4RKK
0:53 Loom
11:12 Feudal Age
12:25 Man-at-Arms
14:05 Stone Mining
19:28 Castle Age
18:09 Bloodlines
18:17 Gold Mining
LLHKHAIHDIUA
0:40 Loom
10:48 Feudal Age
12:07 Double-Bit Axe
13:19 Horse Collar
20:45 Castle Age
19:13 Stone Mining
19:30 Gold Mining
21:12 Wheelbarrow
21:41 Bow Saw
24:32 Hand Cart
TornToast5128
11:13 Feudal Age
12:48 Loom
13:17 Horse Collar
15:02 Scale Barding Armor
15:07 Forging
19:44 Double-Bit Axe
22:02 Castle Age
22:42 Loom
One Shoulder 100KG
6:03 Loom
8:21 Feudal Age
9:21 Double-Bit Axe
13:42 Horse Collar
14:56 Forging
19:34 Castle Age
18:14 Bloodlines
18:08 Gold Mining
18:19 Fletching
19:32 Wheelbarrow
18:43 Town Watch
19:20 Padded Archer Armor
20:40 Husbandry
20:40 Bodkin Arrow
22:01 Bow Saw
慢即是快.
5:06 Loom
16:07 Feudal Age
24:12 Castle Age
Connection lost

Rejoining the realm…

Still unreachable

The connection could not be restored.

Session expired

The server has moved on; the page needs a fresh start.